 Dungeon Crawl Stone Soup version 0.22-a0-605-g9281fa2 (webtiles) character file.

305 TheOrbIsALie the Conjurer (level 6, 0/41 HPs)
             Began as a Demonspawn Wizard on July 7, 2018.
             Slain by an orc
             ... wielding a +0 mace
              (5 damage)
             ... on level 4 of the Dungeon.
             The game lasted 00:05:55 (2748 turns).

TheOrbIsALie the Conjurer (Demonspawn Wizard)       Turns: 2748, Time: 00:05:55

Health: 0/41       AC:  4    Str:  6 (7)  XL:     6   Next: 16%
Magic:  2/10       EV: 12    Int: 22      God:
Gold:   206        SH:  5    Dex: 14 (16) Spells: 7/11 levels left

rFire    + . .     SeeInvis .   m - +1 short sword (venom)
rCold    . . .     Gourm    .   (no shield)
rNeg     . . .     Faith    .   a - +0 robe
rPois    .         Spirit   .   b - +0 hat
rElec    .         Reflect  +   (no cloak)
rCorr    .         Harm     .   (no gloves)
MR       .....                  (no boots)
Stlth    ++........             v - +5 amulet of reflection
HPRegen  0.13/turn              c - +5 ring of dexterity
MPRegen  0.12/turn              n - ring of protection from fire

@: no status effects
A: slimy green scales 1, demonic guardian 1, rot immunity
a: no special abilities


You were on level 4 of the Dungeon.
You were not hungry.

You visited 1 branch of the dungeon, and saw 4 of its levels.

You collected 206 gold pieces.

Inventory:

Hand Weapons
 e - a +1 dagger of speed
 m - a +1 short sword of venom (weapon)
Armour
 a - a +0 robe (worn)
 b - a +0 hat (worn)
Jewellery
 c - a +5 ring of dexterity (left hand)
 g - an uncursed ring of wizardry
 l - an uncursed amulet of the gourmand
 n - a ring of protection from fire (right hand)
 v - a +5 amulet of reflection (around neck)
Wands
 j - a wand of paralysis (15)
Scrolls
 f - 3 scrolls of teleportation {unknown}
 i - 2 scrolls of magic mapping {unknown}
 k - a scroll of remove curse {unknown}
 q - 4 scrolls of identify {unknown}
 s - a scroll of enchant weapon {unknown}
 u - a scroll of fear {unknown}
Potions
 h - a potion of invisibility {unknown}
 o - a potion of agility {unknown}
 p - a potion of ambrosia {unknown}
 r - a potion of lignification {unknown}
 t - a potion of degeneration
Comestibles
 d - 8 rations
 w - 2 chunks of flesh


   Skills:
 - Level 1.7 Dodging
 - Level 1.7 Stealth
 - Level 3.0 Spellcasting
 + Level 6.3 Conjurations
   Level 1.0 Summonings
   Level 0.8 Translocations


You had 7 spell levels left.
You knew the following spells:

 Your Spells              Type           Power        Failure   Level  Hunger
a - Magic Dart            Conj           ####         1%          1    None
b - Conjure Flame         Conj/Fire      ###.....     11%         3    ###....

Your spell library contained the following spells:

 Spells                   Type           Power        Failure   Level  Hunger
 Slow                     Hex            #.......     19%         2    ##.....
 Mephitic Cloud           Conj/Pois/Air  ##......     16%         3    ###....
 Blink                    Tloc           N/A          13%         2    ##.....
 Call Imp                 Summ           #.......     12%         2    ##.....


Dungeon Overview and Level Annotations

Branches:
Dungeon (4/15)
 Temple: D:4-7

Altars:
Kikubaaqudgha
Uskayaw
Vehumet


Innate Abilities, Weirdness & Mutations

You are partially covered in slimy green scales. (AC +2)
A weak demonic guardian rushes to your aid.
You are immune to rotting.


Message History

The gnoll is lightly wounded.
The gnoll barely misses you. You block the orc's attack.
You hit the gnoll.
The gnoll looks as sick as possible!
The gnoll is severely wounded.
The gnoll barely misses you.
You hit the gnoll.
The gnoll looks as sick as possible!
The gnoll is almost dead.
You kill the gnoll!
The orc barely misses you.
You closely miss the orc.
The orc is severely wounded.
The orc hits you with a mace.
* * * LOW HITPOINT WARNING * * *
You closely miss the orc.
The orc is severely wounded.
The orc misses you.
You hit the orc but do no damage.
The orc is poisoned.
The orc is severely wounded.
The orc hits you with a mace.
You die...

#.#. ## #.. #...##. ..
#...#. #.. #....#..
....#.# #.... #
###.#########..o####...>
#..<....(.##..#.@)).....
#.........#..##[####.##.
#.........#.....#
..........#..##...#
.(...... #.#####...# .
#...# ##.# #$.# #
#.#.####..# .... #
#.#.......# ##. #
#)#..###(.#


You could see an orc.

Vanquished Creatures
  A centaur (D:3)
  Ijyb (D:3)
  A worker ant (D:4)
  3 gnolls (D:4)
  2 adders
  A worm (D:4)
  2 dart slugs (D:1)
  2 leopard geckos (D:2)
  5 orcs (D:4)
  3 ball pythons
  5 giant cockroaches
  5 goblins
  8 hobgoblins
  6 jackals (D:4)
  3 quokkas
  6 bats
  6 frilled lizards
  4 kobolds
  6 rats
70 creatures vanquished.

Vanquished Creatures (collateral kills)
  A howler monkey (D:4)
  A worker ant (D:4)
2 creatures vanquished.

Grand Total: 72 creatures vanquished

Notes
Turn   | Place    | Note
-------+----------+-------------------------------------------
     0 | D:1      | TheOrbIsALie the Demonspawn Wizard began the quest for the Orb.
     0 | D:1      | Reached XP level 1. HP: 13/13 MP: 4/4
   293 | D:1      | Reached skill level 2 in Conjurations
   363 | D:1      | Gained mutation: You are partially covered in slimy green scales. (AC +2) [demonic ancestry]
   363 | D:1      | Reached XP level 2. HP: 19/19 MP: 0/6
   609 | D:1      | You fall through a shaft!
   626 | D:2      | Found an ancient bone altar of Kikubaaqudgha.
   718 | D:2      | Reached skill level 3 in Conjurations
   735 | D:2      | Reached XP level 3. HP: 19/24 MP: 4/7
  1601 | D:3      | Noticed a centaur
  1614 | D:3      | Killed a centaur
  1614 | D:3      | Reached skill level 4 in Conjurations
  1614 | D:3      | Reached XP level 4. HP: 9/30 MP: 8/8
  1614 | D:3      | Gained mutation: A weak demonic guardian rushes to your aid. [demonic ancestry]
  1614 | D:3      | Reached XP level 5. HP: 10/35 MP: 9/9
  1907 | D:3      | Noticed an enchanted hand axe
  1908 | D:3      | Noticed a hand axe
  1909 | D:3      | Found a hide-covered altar of Uskayaw.
  1909 | D:3      | Noticed Ijyb
  1917 | D:3      | Learned a level 3 spell: Conjure Flame
  1919 | D:3      | Paralysed by Ijyb for 4 turns
  1930 | D:3      | Paralysed by Ijyb for 4 turns
  1939 | D:3      | Paralysed by Ijyb for 5 turns
  1942 | D:3      | Killed Ijyb
  1942 | D:3      | Reached skill level 5 in Conjurations
  2174 | D:3      | Found a radiant altar of Vehumet.
  2723 | D:4      | Reached skill level 6 in Conjurations
  2723 | D:4      | Gained mutation: You are immune to rotting. [demonic ancestry]
  2723 | D:4      | Reached XP level 6. HP: 35/41 MP: 8/10
  2748 | D:4      | Slain by an orc

Vault maps used:
D:1:      mrwooster_arrival_statue_3
D:2:      nicolae_overflow_crystal_walls
D:3:      lemuel_upstairs_altar, dancing_weapons_uskayaw,
          overflow_temple_1_default, first_ration, uniq_ijyb
D:4:      kennysheep_mini, lemuel_coloured_pillars_altar,
          grunt_temple_overflow_open

Skill      XL: |  1  2  3  4  5 |
---------------+----------------+-----
Conjurations   | 2 3 4 6 |  6.3
Dodging        | |  1.7
Stealth        | |  1.7
Spellcasting   | |  3.0
Summonings     | |  1.0
Translocations | |  0.8

Action                   |  1- 3 |  4- 6 || total
-------------------------+-------+-------++-------
Melee: Unarmed           |     3 |       ||     3
       Dagger            |    16 |       ||    16
       Short sword       |    36 |    75 ||   111
 Cast: Magic Dart        |    46 |    38 ||    84
  Use: Potion            |     4 |       ||     4
 Stab: Sleeping          |     7 |     1 ||     8
       Distracted        |     1 |     1 ||     2
  Eat: Chunk             |     1 |     5 ||     6
Armor: Robe              |    13 |    14 ||    27
Dodge: Dodged            |    34 |    49 ||    83
Block: Other             |       |    26 ||    26
       Reflection        |       |     1 ||     1

Table legend:
 A = Spawn XP
 B = Non-spawn XP
 C = Spawn XP percentage of total XP
 D = Spawn monster count
 E = Non-spawn monster count
 F = Spawn count percentage of total count
 G = Total turns spent on level
                    A         B        C        D         E        F      G
               +---------+---------+-------+---------+---------+-------+---------
         Total |       0 |     437 |   0.0 |       0 |      72 |   0.0 |  2748
               +---------+---------+-------+---------+---------+-------+---------
           D:1 |       0 |      36 |   0.0 |       0 |      21 |   0.0 |   797
           D:2 |       0 |      48 |   0.0 |       0 |      22 |   0.0 |   788
           D:3 |       0 |     178 |   0.0 |       0 |      10 |   0.0 |   893
           D:4 |       0 |     175 |   0.0 |       0 |      19 |   0.0 |   270
               +---------+---------+-------+---------+---------+-------+---------
